 Dungeon Crawl Stone Soup version 0.21.1-1-g345015fe64 (webtiles) character file.

2342 Ivernyr the Covered (level 9, 0/68 HPs)
             Began as a Demonspawn Skald on Apr 30, 2018.
             Was an Initiate of Nemelex Xobeh.
             Slain by an ice beast (8 damage)
             ... on level 7 of the Dungeon.
             The game lasted 00:27:48 (7368 turns).

Ivernyr the Covered (Demonspawn Skald)              Turns: 7368, Time: 00:27:49

Health: 0/68       AC: 13    Str: 13    XL:     9   Next: 20%
Magic:  12/12      EV: 20    Int: 14    God:    Nemelex Xobeh [......]
Gold:   292        SH:  0    Dex: 20    Spells: 4/12 levels left

rFire    . . .     SeeInvis .   a - +0 long sword
rCold    . . .     Gourm    .   (no shield)
rNeg     . . .     Faith    .   b - +0 leather armour
rPois    .         Spirit   .   u - +1 hat
rElec    .         Reflect  .   (no cloak)
rCorr    .         Harm     .   e - +2 pair of gloves
MR       .....                  (no boots)
Stlth    +++.......             o - amulet of rage
HPRegen  0.21/turn              H - +3 ring of protection (curse)
MPRegen  0.13/turn              r - +3 ring of evasion

@: agile
A: antennae 1, molten scales 1, powered by pain 2
a: Renounce Religion, Evoke Berserk Rage


You were on level 7 of the Dungeon.
You worshipped Nemelex Xobeh.
Nemelex Xobeh was noncommittal.
You were not hungry.

You visited 1 branch of the dungeon, and saw 8 of its levels.
You also visited: Sewer.

You collected 292 gold pieces.

Inventory:

Hand Weapons
 a - a +0 long sword (weapon)
Armour
 b - a +0 leather armour (worn)
 e - a +2 pair of gloves (worn)
 u - a +1 hat (worn)
Jewellery
 k - an uncursed ring of protection from fire
 o - an amulet of rage (around neck)
 r - a +3 ring of evasion (right hand)
 x - an uncursed amulet of the gourmand {unknown}
 C - an uncursed ring of positive energy
 H - a cursed +3 ring of protection (left hand)
 I - an uncursed ring of protection from magic
 M - an uncursed ring of protection from cold
Wands
 D - a wand of random effects (23)
 K - a wand of enslavement (14)
 N - a wand of acid (8)
Scrolls
 f - 3 scrolls of magic mapping
 g - 3 scrolls of remove curse
 i - 3 scrolls of fear {unknown}
 j - 2 scrolls of enchant weapon {unknown}
 m - 3 scrolls of identify {unknown}
 p - a scroll of fog {unknown}
 q - a scroll of random uselessness {unknown}
 s - 2 scrolls of teleportation {unknown}
 t - a scroll of amnesia {unknown}
 v - 2 scrolls of immolation {unknown}
 B - a scroll of enchant armour {unknown}
 E - a scroll of vulnerability {unknown}
 L - 2 scrolls of noise {unknown}
Potions
 h - 3 potions of flight {unknown}
 l - 2 potions of heal wounds {unknown}
 n - 4 potions of curing
 w - a potion of agility {unknown}
 A - 2 potions of invisibility {unknown}
 F - a potion of degeneration {unknown}
 G - a potion of ambrosia {unknown}
Books
 c - a book of Battle

   Spells                             Type                      Level
   a - Infusion                       Charms                       1
   b - Shroud of Golubria             Charms/Translocation         2
   c - Song of Slaying                Charms                       2
   d - Spectral Weapon                Hexes/Charms                 3
   e - Regeneration                   Charms/Necromancy            3
 y - a book of Cantrips

   Spells                             Type                      Level
   a - Confusing Touch                Hexes                        1
   b - Animate Skeleton               Necromancy                   1
   c - Summon Small Mammal            Summoning                    1
   d - Apportation                    Translocation                1
Miscellaneous
 z - a plain deck of destruction {drawn: 5}
 J - a plain deck of destruction
Comestibles
 d - 16 rations
 O - a chunk of flesh


   Skills:
 - Level 5.2 Fighting
 + Level 5.2 Long Blades
 * Level 7.1 Armour
 - Level 1.7 Dodging
 - Level 2.0 Spellcasting
 + Level 5.7 Charms
 + Level 3.1 Invocations


You had 4 spell levels left.
You knew the following spells:

 Your Spells              Type           Power        Failure   Level  Hunger
a - Shroud of Golubria    Chrm/Tloc      #.........   14%         2    ###....
b - Song of Slaying       Chrm           ###.....     4%          2    ###....
c - Infusion              Chrm           ###.         2%          1    ##.....
d - Regeneration          Chrm/Necr      #.........   26%         3    ####...


Dungeon Overview and Level Annotations

Branches:
Dungeon (8/15)             Temple (0/1) D:7
   Lair: D:8-11

Altars:
Ashenzari
Dithmenos
Fedhas
Nemelex Xobeh
Okawaru
Trog
Uskayaw
Vehumet
Zin


Innate Abilities, Weirdness & Mutations

You have a pair of small antennae on your head.
You are partially covered in molten scales. (AC +2)
You sometimes gain power by taking damage.


Message History

The ice beast barely misses you.
You riposte.
You barely miss the ice beast.
The ice beast is lightly wounded.
Casting: Shroud of Golubria
Confirm with . or Enter, or press ? or * to list all spells.
Okay, then.
Evoke which item? (* to show all) (? for menu, Esc to quit)
You draw a card...
It is the Orb.
You have drawn the Orb.
Press: ? - help, Shift-Dir - straight line, f/p - two-headed ogre
Aim: a two-headed ogre, wielding a giant spiked club and a giant club (moderately wounded)
The orb of energy hits the two-headed ogre.
The two-headed ogre is heavily wounded.
The two-headed ogre misses you.
The two-headed ogre hits you with a giant club.
* * * LOW HITPOINT WARNING * * *
The ice beast hits you.
* * * LOW HITPOINT WARNING * * *
The ice beast freezes you!
You die...
Your body disappears without a glow.

####.#########...........##.#
#.. #.# ###.......#######.#
#.. #.# #.........# #.###..
#.# #.........# #...... #.#
#......##.#######...... #.#
#......##.)............ #.#
######.######.........# #.#
#O#...........<... #.#
#@Y............... #.#
#######............... #.#
#...# #......##.......
#.#######...###########.......
#...............# #.......
###############.#######....###
#.................
##########......##
#.#####...#....


You could see a two-headed ogre and an ice beast.

Vanquished Creatures
  A polar bear (D:7)
  The ghost of Ivernyr the Charmwright, an amateur DsSk (D:4)
  Purgy (Sewer)
  4 ogres
  An orc warrior (D:6)
  2 sky beasts
  An ice beast (D:7)
  A phantom (D:5)
  A centaur (D:6)
  The ghost of NullDivider the Sneak, an amateur OpAs (D:3)
  A gnoll sergeant (D:6)
  2 scorpions
  2 hounds (D:6)
  3 orc priests
  7 orc wizards
  An iguana (D:7)
  4 worker ants
  Robin (D:4)
  4 adders
  3 gnolls (D:6)
  A howler monkey skeleton (D:4)
  2 shadow imps (D:5)
  2 oozes
  2 worms
  9 leopard geckos
  13 orcs
  6 giant cockroaches
  10 hobgoblins
  15 jackals
  4 kobolds
  3 quokkas
  4 ball pythons
  9 bats
  12 frilled lizards
  13 goblins
  A leopard gecko zombie (D:6)
  A quokka skeleton (D:4)
  9 rats
158 creatures vanquished.

Vanquished Creatures (others)
  An ogre (D:7)
  A quokka (D:7)
2 creatures vanquished.

Grand Total: 160 creatures vanquished

Notes
Turn   | Place    | Note
-------+----------+-------------------------------------------
     0 | D:1      | Ivernyr the Demonspawn Skald began the quest for the Orb.
     0 | D:1      | Reached XP level 1. HP: 16/16 MP: 3/3
    65 | D:1      | Reached skill level 1 in Armour
   106 | D:1      | Gained mutation: You have a pair of small antennae on your head. [demonic ancestry]
   106 | D:1      | Reached XP level 2. HP: 22/22 MP: 5/5
   110 | D:1      | Learned a level 2 spell: Song of Slaying
   113 | D:1      | Learned a level 2 spell: Shroud of Golubria
   684 | D:1      | Gained mutation: You sometimes gain a little power by taking damage. [demonic ancestry]
   684 | D:1      | Reached XP level 3. HP: 21/28 MP: 3/6
  1384 | D:2      | Reached skill level 2 in Armour
  1564 | D:3      | Found a shattered altar of Ashenzari.
  1594 | D:3      | Found a hide-covered altar of Uskayaw.
  1665 | D:3      | Found a glowing drain.
  1680 | Sewer    | Entered a sewer
  1726 | Sewer    | Gained mutation: You are partially covered in molten scales. (AC +2) [demonic ancestry]
  1726 | Sewer    | Reached XP level 4. HP: 34/34 MP: 4/7
  1753 | Sewer    | Noticed Purgy
  1814 | Sewer    | Killed Purgy
  1814 | Sewer    | Reached XP level 5. HP: 9/41 MP: 1/8
  2542 | D:3      | Reached skill level 3 in Armour
  2641 | D:3      | Noticed NullDivider's ghost (amateur OpAs)
  2665 | D:3      | Killed NullDivider's ghost
  2665 | D:3      | Reached XP level 6. HP: 40/47 MP: 6/9
  2804 | D:3      | Found a shadowy altar of Dithmenos.
  2805 | D:3      | Found a radiant altar of Vehumet.
  3079 | D:4      | Learned a level 3 spell: Regeneration
  3126 | D:4      | Noticed Ivernyr's ghost (amateur DsSk)
  3164 | D:4      | Killed Ivernyr's ghost
  3420 | D:4      | Noticed Robin
  3425 | D:4      | Killed Robin
  3425 | D:4      | Reached skill level 4 in Armour
  3605 | D:4      | Reached XP level 7. HP: 35/53 MP: 8/10
  3615 | D:4      | HP: 2/79 [orc priest/divine providence (17)]
  3925 | D:4      | Noticed a moth of wrath
  3928 | D:4      | Found a bloodstained altar of Trog.
  4250 | D:5      | Entered Level 5 of the Dungeon
  4375 | D:5      | Found an iron altar of Okawaru.
  4619 | D:5      | Reached skill level 5 in Armour
  4990 | D:5      | Found a blossoming altar of Fedhas.
  5405 | D:6      | Reached XP level 8. HP: 61/61 MP: 8/11
  5644 | D:6      | Found a sparkling altar of Nemelex Xobeh.
  5654 | D:6      | Became a worshipper of Nemelex Xobeh the Trickster
  5751 | D:6      | Received a gift from Nemelex Xobeh
  6033 | D:6      | Reached skill level 5 in Charms
  6041 | D:6      | Got a transparent spear {pierce}
  6043 | D:6      | Identified the +2 spear of the Onslaught {pierce, rPois rF+ Int-3} (You took it off an orc wizard on level 6 of the Dungeon)
  6082 | D:6      | Reached skill level 5 in Fighting
  6106 | D:6      | Reached skill level 6 in Armour
  6617 | D:7      | Received a gift from Nemelex Xobeh
  6662 | D:7      | Reached skill level 1 in Invocations
  6768 | D:7      | Found a glowing silver altar of Zin.
  6825 | D:7      | Reached skill level 5 in Long Blades
  6875 | D:7      | Gained mutation: You sometimes gain power by taking damage. [demonic ancestry]
  6875 | D:7      | Reached XP level 9. HP: 67/68 MP: 10/12
  6912 | D:7      | Found a staircase to the Ecumenical Temple.
  7096 | D:8      | Noticed a polar bear
  7132 | D:8      | Noticed a two-headed ogre
  7269 | D:7      | Killed a polar bear
  7269 | D:7      | Reached skill level 7 in Armour
  7368 | D:7      | Slain by an ice beast

Skill      XL: |  1  2  3  4  5  6  7  8  9 |
---------------+----------------------------+-----
Armour         | 1 2 3 4 5 6 7 |  7.1
Long Blades    | 2 3 4 5 |  5.2
Charms         | 3 4 5 |  5.7
Fighting       | 3 4 5 |  5.2
Invocations    | 2 3 |  3.1
Dodging        | |  1.7
Spellcasting   | |  2.0

Action                   |  1- 3 |  4- 6 |  7- 9 || total
-------------------------+-------+-------+-------++-------
Melee: Falchion          |   161 |   215 |    23 ||   399
       Long sword        |       |       |   334 ||   334
 Cast: Shroud of Golubri |    10 |    18 |    36 ||    64
       Song of Slaying   |     2 |     2 |     5 ||     9
       Infusion          |       |       |     1 ||     1
 Abil: Evoke Berserk Rag |     1 |     3 |     5 ||     9
Evoke: Deck              |       |       |     5 ||     5
       Wand              |       |       |     3 ||     3
  Use: Potion            |       |     1 |       ||     1
       Scroll            |       |     2 |       ||     2
 Stab: Sleeping          |     1 |     1 |       ||     2
  Eat: Chunk             |     5 |     7 |    22 ||    34
       Ration            |       |     1 |       ||     1
Armor: Leather armour    |    87 |    99 |   137 ||   323
Dodge: Dodged            |   142 |   224 |   284 ||   650
       Rpst.: Falchion   |    57 |    59 |     1 ||   117
       Long sword        |       |       |    79 ||    79
